Bruins vs Blues (R1)

Created - October 28, 2019 at 19:41

Goals
1 2 3 T
Bruins 0 0 1 1
Blues 2 0 1 3
Shots
1 2 3 T
Bruins 8 8 10 26
Blues 17 4 9 30

1st period

1. Blues , Alex Pietrangelo 2 (Nicklas Backstrom 2, Jordan Eberle 1) at 4:52 (PP)
2. Blues , Nicklas Backstrom 1 (Alex Pietrangelo 3, Jordan Eberle 2) at 17:11 (PP)

Penalties :
David Perron (STL) for Hooking (Minor) at 1:08, Brendan Smith (Bos) for Tripping (Minor) at 3:56, Patrick Kaleta (STL) for Roughing (Minor) at 5:48, Dave Bolland (Bos) for Hooking (Minor) at 9:28, Victor Oreskovich (Bos) for Goalie Interference (Minor) at 17:06, Dave Bolland (Bos) for High sticking (Minor) at 19:32

2nd period

No Goal

Penalties :
Alex Pietrangelo (STL) for High sticking (Minor) at 12:31, Kris Chucko (Bos) for Tripping (Minor) at 15:40, Travis Zajac (STL) for Charging (Minor) at 19:07

3rd period

3. Blues , Alex Pietrangelo 3 (David Perron 1, Jake Gardiner 1) at 4:49 (PP)
4. Bruins , Kevin Bieksa 1 (Wojtek Wolski 7, Victor Oreskovich 1) at 6:25

Penalties :
Alex Pietrangelo (STL) for Roughing (Minor) at 0:22, Johnny Boychuk (Bos) for Hooking (Minor) at 3:56, Filip Forsberg (STL) for Tripping (Minor) at 8:29, Shane O'Brien (Bos) for Slashing (Minor) at 15:38, T.J Galiardi (Bos) for Hooking (Minor) at 18:36

Goalie Stats

Kevin Poulin (Bos), 27 saves from 30 shots - (0.900), L, 3-1-0, 60:00 minutes
Carey Price (STL), 25 saves from 26 shots - (0.962), W, 1-3-0, 60:00 minutes

Players Stats for Bruins

Player Name              G  A  P  +/- PIM S  H  SB GA TA FO     MP     PP MP  PK MP  
------------------------------------------------------------------------------------
Brendan Smith            0  0  0   0  2   0  2  1  1  1  0/0    25:25   7:24   5:23 
Casey Cizikas            0  0  0   0  0   0  0  0  0  0  0/0     7:46   0:10   0:55 
Dave Bolland             0  0  0   0  4   1  1  0  0  0  1/6    10:23   0:00   0:00 
Jason Demers             0  0  0   0  0   1  1  0  1  0  0/0    25:32   3:46   5:33 
Johnny Boychuk           0  0  0   1  2   0  0  0  0  0  0/0    13:56   0:00   4:18 
Jonathan Toews           0  0  0   1  0   5  3  1  2  0  14/42  25:11   6:17   6:58 
Kevin Bieksa             1  0  1   1  0   3  0  3  0  1  0/0    16:44   7:24   0:04 
Kris Chucko              0  0  0   0  2   1  1  0  0  0  0/0     7:21   0:10   0:30 
Mattias Tedenby          0  0  0   0  0   0  1  0  0  0  0/0     6:28   0:00   0:00 
Mike Ribeiro             0  0  0   0  0   2  0  1  0  1  1/7    13:15   4:43   0:00 
Nathan Horton            0  0  0   0  0   3  0  2  0  0  1/1    18:06   6:13   3:20 
Rene Bourque             0  0  0   0  0   1  1  0  0  0  0/0    10:45   0:14   0:00 
Scott Hartnell           0  0  0   0  0   5  3  0  1  1  0/0    17:07   4:43   3:45 
Shane O'Brien            0  0  0   0  2   0  5  0  0  0  0/0    14:14   0:00   2:01 
T.J Galiardi             0  0  0   0  2   0  1  0  0  1  0/0    10:20   0:00   0:00 
Torey Krug               0  0  0   0  0   2  0  3  1  0  0/0    24:13   3:46   5:07 
Victor Oreskovich        0  1  1   1  2   0  2  0  0  0  0/1    16:42   4:43   0:00 
Wojtek Wolski            0  1  1   1  0   2  2  1  0  1  1/1    25:11   6:17   6:58 

Players Stats for Blues

Player Name              G  A  P  +/- PIM S  H  SB GA TA FO     MP     PP MP  PK MP  
------------------------------------------------------------------------------------
Alex Pietrangelo         2  1  3   0  4   8  4  2  1  1  0/0    26:53   7:09   3:53 
Cody Ceci                0  0  0   0  0   1  2  0  0  1  0/0    22:01   0:34   6:10 
David Perron             0  1  1   0  2   2  0  1  0  0  0/1    16:25   5:06   0:00 
Dougie Hamilton          0  0  0   0  0   1  1  1  1  0  0/0    17:14   4:04   0:41 
Drew Shore               0  0  0  -1  0   0  0  0  0  0  5/8    10:43   0:12   4:17 
Filip Forsberg           0  0  0   0  2   1  0  2  1  1  1/3    17:49   6:00   2:22 
Jake Gardiner            0  1  1   0  0   1  3  0  1  1  0/0    24:38   6:35   4:50 
Jeff Skinner             0  0  0   0  0   1  0  1  0  0  0/0    12:01   0:00   1:21 
Jesper Fast              0  0  0  -1  0   0  1  1  1  0  0/0     6:02   0:00   0:00 
Jordan Eberle            0  2  2   0  0   2  0  1  1  0  0/0    23:01   5:39   6:12 
Linus Omark              0  0  0  -1  0   0  1  0  0  0  0/0     6:02   0:00   0:00 
Nick Leddy               0  0  0  -1  0   0  0  3  0  0  0/0    15:24   4:04   2:13 
Nicklas Backstrom        1  1  2   0  0   4  0  1  0  0  16/22  16:53   5:45   0:00 
Patrick Kaleta           0  0  0   0  2   2  1  1  0  0  1/1    12:47   0:00   2:02 
Sam Gagner               0  0  0   0  0   4  1  1  0  0  5/6    15:27   4:14   0:09 
Sergei Shirokov          0  0  0   0  0   2  1  0  0  0  0/0    14:25   5:13   0:00 
Travis Zajac             0  0  0   0  2   1  2  0  0  2  12/17  16:16   1:30   5:13 
Yann Sauvé               0  0  0  -1  0   0  0  3  0  0  0/0    13:59   0:00   4:32 

3 Stars

1 - Alex Pietrangelo (STL)
2 - Carey Price (STL)
3 - Nicklas Backstrom (STL)

Power Play

Bruins - 0 on 6 Attempt(s) - 0.00%
Blues - 3 on 8 Attempt(s) - 37.50%

Penalty Kill

Bruins - 5 on 8 Attempt(s) - 62.50% - Score 0 goal in Penalty Kill
Blues - 6 on 6 Attempt(s) - 100.00% - Score 0 goal in Penalty Kill

Team Stat

Bruins - Hits : 23 - Faceoff Wins : 18 - Blocked Shots : 12 - Penalty Minutes : 16
Blues - Hits : 17 - Faceoff Wins : 40 - Blocked Shots : 18 - Penalty Minutes : 12

Official

Referees : Unknown
Linesman : Unknown

Game Notes

No Game Note

Finance

Level 1 -- Attendance: 5098 (84.97%) -- Ticket Income $560,780
Level 2 -- Attendance: 3782 (75.64%) -- Ticket Income $272,304
Level 3 -- Attendance: 1685 (84.25%) -- Ticket Income $75,825
Level 4 -- Attendance: 4000 (100.00%) -- Ticket Income $120,000
Luxury Box -- Attendance: 717 (71.70%) -- Ticket Income $143,400
Game was played at the Scotttrade center.
Total Attendance: 15282 (84.90%)
Total Ticket Income: $1,172,309
Other Income: $175,846
Total Income: $1,348,155

Bruins

5 vs 5 Forward 
   Center                   Left Wing                Right Wing               Time % Phy DF OF 
 1 Jonathan Toews           Wojtek Wolski            Victor Oreskovich        40     0   2  3  
 2 Mike Ribeiro             Scott Hartnell           Nathan Horton            30     1   2  2  
 3 Dave Bolland             T.J Galiardi             Rene Bourque             20     1   2  2  
 4 Casey Cizikas            Kris Chucko              Mattias Tedenby          10     1   2  2  

5 vs 5 Defense 
   Defense                  Defense                                           Time % Phy DF OF 
 1 Jason Demers             Torey Krug                                        40     1   2  2  
 2 Brendan Smith            Shane O'Brien                                     30     1   2  2  
 3 Kevin Bieksa             Johnny Boychuk                                    20     1   2  2  
 4 Brendan Smith            Jason Demers                                      10     1   2  2  

PowerPlay Forward 
   Center                   Left Wing                Right Wing               Time % Phy DF OF 
 1 Jonathan Toews           Wojtek Wolski            Nathan Horton            60     0   2  3  
 2 Mike Ribeiro             Scott Hartnell           Victor Oreskovich        40     0   2  3  

PowerPlay Defense
   Defense                  Defense                                           Time % Phy DF OF 
 1 Kevin Bieksa             Brendan Smith                                     60     0   2  3  
 2 Jason Demers             Torey Krug                                        40     0   2  3  

Penalty Kill 4 Players Forward 
   Center                   Wing                     Time % Phy DF OF 
 1 Jonathan Toews           Wojtek Wolski            60     0   2  3  
 2 Nathan Horton            Scott Hartnell           40     0   3  2  

Penalty Kill 4 Players Defense
   Defense                  Defense                  Time % Phy DF OF 
 1 Jason Demers             Brendan Smith            60     0   4  1  
 2 Johnny Boychuk           Torey Krug               40     0   4  1  

Penalty Kill - 3 Players Forward 
   Forward                                           Time % Phy DF OF 
 1 Wojtek Wolski                                     60     0   5  0  
 2 Scott Hartnell                                    40     0   5  0  

Penalty Kill - 3 Players Defense
   Defense                  Defense                  Time % Phy DF OF 
 1 Jason Demers             Brendan Smith            60     0   5  0  
 2 Johnny Boychuk           Torey Krug               40     0   5  0  

4 vs 4 Forward 
   Center                   Wing                     Time % Phy DF OF 
 1 Jonathan Toews           Wojtek Wolski            60     0   2  3  
 2 Mike Ribeiro             Scott Hartnell           40     1   2  2  

4 vs 4 Defense
   Defense                  Defense                  Time % Phy DF OF 
 1 Jason Demers             Brendan Smith            60     1   2  2  
 2 Shane O'Brien            Torey Krug               40     1   2  2  

Last Minutes Offensive
   Center                   Left Wing                Right Wing               Defense                  Defense                  
   Jonathan Toews           Wojtek Wolski            Nathan Horton            Jason Demers             Shane O'Brien            

Last Minutes Defensive
   Center                   Left Wing                Right Wing               Defense                  Defense                  
   Jonathan Toews           Wojtek Wolski            Nathan Horton            Jason Demers             Shane O'Brien            

Goaltenders
Starting : Kevin Poulin             
Backup : Josh Tordjman            

Extra Forwards
Normal : Scott Hartnell, Wojtek Wolski, Jonathan Toews - PP : Scott Hartnell, Wojtek Wolski - PK : Casey Cizikas
Extra Defensemen
Normal : Brendan Smith, Jason Demers, Torey Krug - PP : Johnny Boychuk - PK : Shane O'Brien, Jason Demers
Penalty Shots
Nathan Horton, Jonathan Toews, Wojtek Wolski, Mike Ribeiro, Mattias Tedenby

Scratches
None

Blues

5 vs 5 Forward 
   Center                   Left Wing                Right Wing               Time % Phy DF OF 
 1 Nicklas Backstrom        David Perron             Jordan Eberle            40     1   2  2  
 2 Travis Zajac             Filip Forsberg           Sergei Shirokov          30     1   2  2  
 3 Sam Gagner               Jeff Skinner             Patrick Kaleta           20     1   2  2  
 4 Drew Shore               Linus Omark              Jesper Fast              10     1   2  2  

5 vs 5 Defense 
   Defense                  Defense                                           Time % Phy DF OF 
 1 Alex Pietrangelo         Cody Ceci                                         40     1   2  2  
 2 Dougie Hamilton          Jake Gardiner                                     30     1   2  2  
 3 Nick Leddy               Yann Sauvé                                        20     1   2  2  
 4 Jake Gardiner            Yann Sauvé                                        10     1   2  2  

PowerPlay Forward 
   Center                   Left Wing                Right Wing               Time % Phy DF OF 
 1 Nicklas Backstrom        Filip Forsberg           Jordan Eberle            60     1   2  2  
 2 Sam Gagner               David Perron             Sergei Shirokov          40     1   2  2  

PowerPlay Defense
   Defense                  Defense                                           Time % Phy DF OF 
 1 Alex Pietrangelo         Jake Gardiner                                     60     1   2  2  
 2 Nick Leddy               Dougie Hamilton                                   40     1   2  2  

Penalty Kill 4 Players Forward 
   Center                   Wing                     Time % Phy DF OF 
 1 Travis Zajac             Jordan Eberle            60     1   2  2  
 2 Drew Shore               Patrick Kaleta           40     1   2  2  

Penalty Kill 4 Players Defense
   Defense                  Defense                  Time % Phy DF OF 
 1 Alex Pietrangelo         Cody Ceci                60     1   2  2  
 2 Jake Gardiner            Yann Sauvé               40     1   2  2  

Penalty Kill - 3 Players Forward 
   Forward                                           Time % Phy DF OF 
 1 Drew Shore                                        60     1   2  2  
 2 Travis Zajac                                      40     1   2  2  

Penalty Kill - 3 Players Defense
   Defense                  Defense                  Time % Phy DF OF 
 1 Alex Pietrangelo         Cody Ceci                60     1   2  2  
 2 Jake Gardiner            Yann Sauvé               40     1   2  2  

4 vs 4 Forward 
   Center                   Wing                     Time % Phy DF OF 
 1 Nicklas Backstrom        David Perron             60     1   2  2  
 2 Travis Zajac             Jordan Eberle            40     1   2  2  

4 vs 4 Defense
   Defense                  Defense                  Time % Phy DF OF 
 1 Alex Pietrangelo         Dougie Hamilton          60     1   2  2  
 2 Jake Gardiner            Yann Sauvé               40     1   2  2  

Last Minutes Offensive
   Center                   Left Wing                Right Wing               Defense                  Defense                  
   Nicklas Backstrom        David Perron             Jordan Eberle            Alex Pietrangelo         Jake Gardiner            

Last Minutes Defensive
   Center                   Left Wing                Right Wing               Defense                  Defense                  
   Travis Zajac             Linus Omark              Jordan Eberle            Yann Sauvé               Cody Ceci                

Goaltenders
Starting : Carey Price              
Backup : Pascal Leclaire          

Extra Forwards
Normal : Sam Gagner, Jesper Fast, Jordan Eberle - PP : Travis Zajac, Nicklas Backstrom - PK : Filip Forsberg
Extra Defensemen
Normal : Nick Leddy, Cody Ceci, Jake Gardiner - PP : Nick Leddy - PK : Nick Leddy, Jake Gardiner
Penalty Shots
David Perron, Jeff Skinner, Jordan Eberle, Nicklas Backstrom, Travis Zajac

Scratches
D.J King (Healthy), Tomas Plekanec (Healthy)

% Time on Ice - Bruins

Lines # - Real PCT - Wanted PCT - Time Play
Normal Forward
1 - 32% - 40% - 12:09
2 - 23% - 30% - 8:39
3 - 28% - 20% - 10:21
4 - 17% - 10% - 6:28
Normal Defense
1 - 39% - 40% - 14:49
2 - 32% - 30% - 12:07
3 - 24% - 20% - 8:55
4 - 5% - 10% - 1:46
PP Forward
1 - 58% - 60% - 6:27
2 - 42% - 40% - 4:43
PP Defense
1 - 66% - 60% - 7:24
2 - 34% - 40% - 3:46
PK Forward
1 - 70% - 60% - 7:53
2 - 30% - 40% - 3:20
PK Defense
1 - 54% - 60% - 6:06
2 - 46% - 40% - 5:07
PK3 Forward
1 - 0% - 60%
2 - 0% - 40%
PK3 Defense
1 - 0% - 60%
2 - 0% - 40%
44 Forward
1 - 0% - 60%
2 - 0% - 40%
44 Defense
1 - 0% - 60%
2 - 0% - 40%
Last Minute Offensive  - 0:00
Last Minute Defensive  - 0:00
Total
Forward - 60:00
Defense - 60:00

% Time on Ice - Blues

Lines # - Real PCT - Wanted PCT - Time Play
Normal Forward
1 - 35% - 40% - 13:18
2 - 25% - 30% - 9:22
3 - 24% - 20% - 8:55
4 - 16% - 10% - 6:02
Normal Defense
1 - 43% - 40% - 16:07
2 - 32% - 30% - 12:04
3 - 22% - 20% - 8:09
4 - 3% - 10% - 1:17
PP Forward
1 - 53% - 60% - 6:00
2 - 47% - 40% - 5:13
PP Defense
1 - 64% - 60% - 7:09
2 - 36% - 40% - 4:04
PK Forward
1 - 72% - 60% - 7:33
2 - 28% - 40% - 2:53
PK Defense
1 - 56% - 60% - 5:50
2 - 44% - 40% - 4:36
PK3 Forward
1 - 84% - 60% - 0:37
2 - 16% - 40% - 0:07
PK3 Defense
1 - 84% - 60% - 0:37
2 - 16% - 40% - 0:07
44 Forward
1 - 0% - 60%
2 - 0% - 40%
44 Defense
1 - 0% - 60%
2 - 0% - 40%
Last Minute Offensive  - 0:00
Last Minute Defensive  - 0:00
Total
Forward - 60:00
Defense - 60:00

Play-by-Play

1st period


0:01 of 1st period - Nicklas Backstrom wins face-off versus Jonathan Toews in neutral zone.
0:08 of 1st period - Slapshot by Alex Pietrangelo.
0:08 of 1st period - Stopped by Kevin Poulin with a rebound.
0:10 of 1st period - Slapshot by Cody Ceci.
0:10 of 1st period - Stopped by Kevin Poulin without a rebound.
0:11 of 1st period - Nathan Horton wins face-off versus Travis Zajac in Bruins zone.
0:36 of 1st period - Jeff Skinner is hit by Shane O'Brien and loses puck.
1:08 of 1st period - Minor Penalty to David Perron for Hooking.
1:09 of 1st period - Jonathan Toews wins face-off versus Travis Zajac in Blues zone.
2:14 of 1st period - Icing by Nathan Horton.
2:15 of 1st period - Jonathan Toews wins face-off versus Drew Shore in Bruins zone.
3:08 of 1st period - Penalty to David Perron is over, David Perron is back on ice.
3:13 of 1st period - Slapshot by Torey Krug.
3:13 of 1st period - Shot Misses the Net.
3:15 of 1st period - Snap shot by Jason Demers.
3:15 of 1st period - Shot Blocked by Jordan Eberle.
3:37 of 1st period - Snap shot by Sam Gagner.
3:37 of 1st period - Stopped by Kevin Poulin without a rebound.
3:38 of 1st period - Sam Gagner wins face-off versus Dave Bolland in Bruins zone.
3:41 of 1st period - Slapshot by Sam Gagner.
3:41 of 1st period - Shot Blocked by Brendan Smith.
3:43 of 1st period - Wrist shot by Jeff Skinner.
3:43 of 1st period - Stopped by Kevin Poulin without a rebound.
3:44 of 1st period - Drew Shore wins face-off versus Jonathan Toews in Bruins zone.
3:56 of 1st period - Minor Penalty to Brendan Smith for Tripping.
3:57 of 1st period - Nicklas Backstrom wins face-off versus Jonathan Toews in Bruins zone.
4:00 of 1st period - Slapshot by Alex Pietrangelo.
4:00 of 1st period - Shot Blocked by Wojtek Wolski.
4:02 of 1st period - Snap shot by Filip Forsberg.
4:02 of 1st period - Stopped by Kevin Poulin with a rebound.
4:35 of 1st period - Snap shot by Nathan Horton.
4:35 of 1st period - Stopped by Carey Price without a rebound.
4:36 of 1st period - Nicklas Backstrom wins face-off versus Jonathan Toews in Blues zone.
4:40 of 1st period - Off-side.
4:41 of 1st period - Jonathan Toews wins face-off versus Nicklas Backstrom in neutral zone.
4:52 of 1st period - Slapshot by Alex Pietrangelo.
4:52 of 1st period - Deflect By Wojtek Wolski.
4:52 of 1st period - Goal by Alex Pietrangelo - Bruins : 0 - Blues : 1.
4:53 of 1st period - Jonathan Toews wins face-off versus David Perron in neutral zone.
5:45 of 1st period - Backhand shot by Jason Demers.
5:45 of 1st period - Stopped by Carey Price without a rebound.
5:46 of 1st period - Patrick Kaleta wins face-off versus Dave Bolland in Blues zone.
5:48 of 1st period - Minor Penalty to Patrick Kaleta for Roughing.
5:49 of 1st period - Travis Zajac wins face-off versus Jonathan Toews in Blues zone.
7:48 of 1st period - Penalty to Patrick Kaleta is over, Patrick Kaleta is back on ice.
7:59 of 1st period - Wrist shot by Casey Cizikas.
7:59 of 1st period - Shot Misses the Net.
8:01 of 1st period - Slapshot by Jason Demers.
8:01 of 1st period - Shot Blocked by Alex Pietrangelo.
8:17 of 1st period - Cody Ceci is hit by Shane O'Brien and loses puck.
8:26 of 1st period - Wrist shot by Dave Bolland.
8:26 of 1st period - Shot Misses the Net.
9:01 of 1st period - T.J Galiardi is hit by Jake Gardiner and loses puck.
9:26 of 1st period - Snap shot by Patrick Kaleta.
9:26 of 1st period - Stopped by Kevin Poulin with a rebound.
9:28 of 1st period - Minor Penalty to Dave Bolland for Hooking.
9:29 of 1st period - Jonathan Toews wins face-off versus Nicklas Backstrom in Bruins zone.
9:32 of 1st period - Snap shot by Jordan Eberle.
9:32 of 1st period - Shot Misses the Net.
9:56 of 1st period - Jordan Eberle is hit by Shane O'Brien and loses puck.
10:01 of 1st period - Slapshot by Scott Hartnell.
10:01 of 1st period - Shot Blocked by Nicklas Backstrom.
10:03 of 1st period - Snap shot by Scott Hartnell.
10:03 of 1st period - Stopped by Carey Price without a rebound.
10:04 of 1st period - Jonathan Toews wins face-off versus Travis Zajac in Blues zone.
10:05 of 1st period - Wrist shot by Wojtek Wolski.
10:05 of 1st period - Shot Blocked by Alex Pietrangelo.
10:07 of 1st period - Wrist shot by Wojtek Wolski.
10:07 of 1st period - Deflect By Jonathan Toews.
10:07 of 1st period - Shot Misses the Net.
10:07 of 1st period - Puck is out of play.
10:08 of 1st period - Travis Zajac wins face-off versus Jonathan Toews in Blues zone.
11:02 of 1st period - Slapshot by Alex Pietrangelo.
11:02 of 1st period - Stopped by Kevin Poulin without a rebound.
11:03 of 1st period - Nicklas Backstrom wins face-off versus Jonathan Toews in Bruins zone.
11:28 of 1st period - Penalty to Dave Bolland is over, Dave Bolland is back on ice.
11:40 of 1st period - Snap shot by Scott Hartnell.
11:40 of 1st period - Stopped by Carey Price without a rebound.
11:41 of 1st period - Jonathan Toews wins face-off versus Sam Gagner in Blues zone.
12:08 of 1st period - Snap shot by Jake Gardiner.
12:08 of 1st period - Shot Misses the Net.
12:18 of 1st period - Snap shot by Wojtek Wolski.
12:18 of 1st period - Stopped by Carey Price with a rebound.
12:22 of 1st period - Snap shot by Jonathan Toews.
12:22 of 1st period - Shot Blocked by Yann Sauvé.
12:24 of 1st period - Wrist shot by Wojtek Wolski.
12:24 of 1st period - Deflect By Jonathan Toews.
12:24 of 1st period - Shot Misses the Net.
12:24 of 1st period - Puck is out of play.
12:25 of 1st period - Travis Zajac wins face-off versus Mike Ribeiro in Blues zone.
12:31 of 1st period - Alex Pietrangelo is hit by Shane O'Brien and loses puck.
13:18 of 1st period - Slapshot by Alex Pietrangelo.
13:18 of 1st period - Stopped by Kevin Poulin without a rebound.
13:19 of 1st period - Nicklas Backstrom wins face-off versus Dave Bolland in Bruins zone.
13:54 of 1st period - Snap shot by Jonathan Toews.
13:54 of 1st period - Stopped by Carey Price without a rebound.
13:55 of 1st period - Nicklas Backstrom wins face-off versus Jonathan Toews in Blues zone.
13:55 of 1st period - Nicklas Backstrom is hit by Jason Demers.
14:07 of 1st period - Backhand shot by Nicklas Backstrom.
14:07 of 1st period - Stopped by Kevin Poulin without a rebound.
14:08 of 1st period - Travis Zajac wins face-off versus Jonathan Toews in Bruins zone.
14:40 of 1st period - Mike Ribeiro is hit by Jake Gardiner and loses puck.
15:22 of 1st period - Icing by Cody Ceci.
15:23 of 1st period - Travis Zajac wins face-off versus Jonathan Toews in Blues zone.
15:32 of 1st period - Wrist shot by Alex Pietrangelo.
15:32 of 1st period - Stopped by Kevin Poulin with a rebound.
15:56 of 1st period - Snap shot by David Perron.
15:56 of 1st period - Stopped by Kevin Poulin with a rebound.
16:11 of 1st period - Snap shot by Dave Bolland.
16:11 of 1st period - Shot Blocked by Sam Gagner.
16:13 of 1st period - Slapshot by T.J Galiardi.
16:13 of 1st period - Shot Blocked by Patrick Kaleta.
16:15 of 1st period - Snap shot by Dave Bolland.
16:15 of 1st period - Stopped by Carey Price without a rebound.
16:16 of 1st period - Sam Gagner wins face-off versus Jonathan Toews in Blues zone.
16:51 of 1st period - Wrist shot by Patrick Kaleta.
16:51 of 1st period - Deflect By Sam Gagner.
16:51 of 1st period - Stopped by Kevin Poulin with a rebound.
17:06 of 1st period - Minor Penalty to Victor Oreskovich for Goalie Interference.
17:07 of 1st period - Nicklas Backstrom wins face-off versus Jonathan Toews in Bruins zone.
17:11 of 1st period - Snap shot by Nicklas Backstrom.
17:11 of 1st period - Goal by Nicklas Backstrom - Bruins : 0 - Blues : 2.
17:12 of 1st period - Travis Zajac wins face-off versus Mike Ribeiro in neutral zone.
17:17 of 1st period - Slapshot by Alex Pietrangelo.
17:17 of 1st period - Stopped by Kevin Poulin without a rebound.
17:18 of 1st period - Travis Zajac wins face-off versus Mike Ribeiro in Bruins zone.
17:29 of 1st period - Snap shot by Alex Pietrangelo.
17:29 of 1st period - Shot Blocked by Mike Ribeiro.
17:49 of 1st period - Slapshot by Nicklas Backstrom.
17:49 of 1st period - Shot Blocked by Torey Krug.
17:51 of 1st period - Wrist shot by Nicklas Backstrom.
17:51 of 1st period - Stopped by Kevin Poulin with a rebound.
17:53 of 1st period - Slapshot by David Perron.
17:53 of 1st period - Stopped by Kevin Poulin without a rebound.
17:54 of 1st period - Jonathan Toews wins face-off versus Nicklas Backstrom in Bruins zone.
18:09 of 1st period - Snap shot by Jonathan Toews.
18:09 of 1st period - Stopped by Carey Price with a rebound.
19:32 of 1st period - Minor Penalty to Dave Bolland for High sticking.
19:33 of 1st period - Nicklas Backstrom wins face-off versus Jonathan Toews in Bruins zone.
Goals for this period are 0 for Bruins vs 2 for Blues.
Shots for this period are 8 for Bruins vs 17 for Blues.

2nd period


0:01 of 2nd period - Nicklas Backstrom wins face-off versus Jonathan Toews in neutral zone.
1:05 of 2nd period - Wrist shot by Scott Hartnell.
1:05 of 2nd period - Stopped by Carey Price with a rebound.
1:32 of 2nd period - Penalty to Dave Bolland is over, Dave Bolland is back on ice.
1:43 of 2nd period - Shane O'Brien is hit by Alex Pietrangelo and loses puck.
2:00 of 2nd period - Patrick Kaleta is hit by Kris Chucko and loses puck.
2:21 of 2nd period - Snap shot by Nathan Horton.
2:21 of 2nd period - Shot Blocked by Yann Sauvé.
2:33 of 2nd period - David Perron is hit by Wojtek Wolski and loses puck.
3:01 of 2nd period - Jason Demers is hit by Sam Gagner and loses puck.
3:23 of 2nd period - Wrist shot by Jordan Eberle.
3:23 of 2nd period - Stopped by Kevin Poulin without a rebound.
3:24 of 2nd period - Nicklas Backstrom wins face-off versus Jonathan Toews in Bruins zone.
3:33 of 2nd period - Snap shot by Nicklas Backstrom.
3:33 of 2nd period - Shot Blocked by Kevin Bieksa.
3:43 of 2nd period - Filip Forsberg is hit by Jonathan Toews and loses puck.
4:38 of 2nd period - Wrist shot by Casey Cizikas.
4:38 of 2nd period - Shot Misses the Net.
5:00 of 2nd period - Slapshot by Victor Oreskovich.
5:00 of 2nd period - Shot Blocked by Yann Sauvé.
5:02 of 2nd period - Wrist shot by Jason Demers.
5:02 of 2nd period - Shot Blocked by Nick Leddy.
5:04 of 2nd period - Slapshot by Torey Krug.
5:04 of 2nd period - Stopped by Carey Price without a rebound.
5:05 of 2nd period - Travis Zajac wins face-off versus Jonathan Toews in Blues zone.
5:05 of 2nd period - Travis Zajac is hit by Victor Oreskovich.
5:19 of 2nd period - Slapshot by Wojtek Wolski.
5:19 of 2nd period - Shot Blocked by Filip Forsberg.
5:21 of 2nd period - Slapshot by Jason Demers.
5:21 of 2nd period - Shot Blocked by Dougie Hamilton.
5:56 of 2nd period - Wrist shot by Patrick Kaleta.
5:56 of 2nd period - Shot Blocked by Kevin Bieksa.
8:21 of 2nd period - Wrist shot by Scott Hartnell.
8:21 of 2nd period - Deflect By Nathan Horton.
8:21 of 2nd period - Stopped by Carey Price without a rebound.
8:22 of 2nd period - Nicklas Backstrom wins face-off versus Jonathan Toews in Blues zone.
8:22 of 2nd period - Nicklas Backstrom is hit by Brendan Smith.
8:30 of 2nd period - Snap shot by Jonathan Toews.
8:30 of 2nd period - Shot Misses the Net.
8:32 of 2nd period - Slapshot by Victor Oreskovich.
8:32 of 2nd period - Shot Misses the Net.
8:39 of 2nd period - Off-side.
8:40 of 2nd period - Travis Zajac wins face-off versus Mike Ribeiro in neutral zone.
8:45 of 2nd period - Wrist shot by Travis Zajac.
8:45 of 2nd period - Shot Misses the Net.
9:11 of 2nd period - Snap shot by Patrick Kaleta.
9:11 of 2nd period - Stopped by Kevin Poulin with a rebound.
9:33 of 2nd period - Snap shot by Jordan Eberle.
9:33 of 2nd period - Stopped by Kevin Poulin with a rebound.
9:40 of 2nd period - Wrist shot by David Perron.
9:40 of 2nd period - Shot Misses the Net.
9:59 of 2nd period - Scott Hartnell is hit by Cody Ceci.
10:11 of 2nd period - Slapshot by Jason Demers.
10:11 of 2nd period - Shot Misses the Net.
10:37 of 2nd period - Slapshot by Jonathan Toews.
10:37 of 2nd period - Stopped by Carey Price with a rebound.
10:39 of 2nd period - Slapshot by Kevin Bieksa.
10:39 of 2nd period - Shot Blocked by Jeff Skinner.
11:31 of 2nd period - Wrist shot by Sergei Shirokov.
11:31 of 2nd period - Shot Misses the Net.
11:33 of 2nd period - Slapshot by Dougie Hamilton.
11:33 of 2nd period - Deflect By Sergei Shirokov.
11:33 of 2nd period - Stopped by Kevin Poulin with a rebound.
12:22 of 2nd period - Wrist shot by Mike Ribeiro.
12:22 of 2nd period - Stopped by Carey Price without a rebound.
12:23 of 2nd period - Mike Ribeiro wins face-off versus Nicklas Backstrom in Blues zone.
12:31 of 2nd period - Minor Penalty to Alex Pietrangelo for High sticking.
12:32 of 2nd period - Jonathan Toews wins face-off versus Travis Zajac in Blues zone.
12:38 of 2nd period - Snap shot by Wojtek Wolski.
12:38 of 2nd period - Shot Blocked by Nick Leddy.
12:58 of 2nd period - Brendan Smith is hit by Travis Zajac and loses puck.
13:47 of 2nd period - Icing by Torey Krug.
13:48 of 2nd period - Filip Forsberg wins face-off versus Victor Oreskovich in Bruins zone.
14:03 of 2nd period - Filip Forsberg is hit by Jonathan Toews and loses puck.
14:31 of 2nd period - Penalty to Alex Pietrangelo is over, Alex Pietrangelo is back on ice.
15:10 of 2nd period - Mattias Tedenby is hit by Dougie Hamilton and loses puck.
15:22 of 2nd period - Torey Krug is hit by Alex Pietrangelo and loses puck.
15:29 of 2nd period - Wrist shot by Nicklas Backstrom.
15:29 of 2nd period - Shot Misses the Net.
15:40 of 2nd period - Minor Penalty to Kris Chucko for Tripping.
15:41 of 2nd period - Sam Gagner wins face-off versus Jonathan Toews in Bruins zone.
15:57 of 2nd period - Jake Gardiner is hit by Wojtek Wolski and loses puck.
16:16 of 2nd period - Wojtek Wolski is hit by Alex Pietrangelo and loses puck.
16:53 of 2nd period - Snap shot by Nathan Horton.
16:53 of 2nd period - Shot Misses the Net.
16:55 of 2nd period - Wrist shot by Nathan Horton.
16:55 of 2nd period - Shot Misses the Net.
17:40 of 2nd period - Penalty to Kris Chucko is over, Kris Chucko is back on ice.
17:49 of 2nd period - Icing by T.J Galiardi.
17:50 of 2nd period - Dave Bolland wins face-off versus Drew Shore in Bruins zone.
18:03 of 2nd period - Rene Bourque is hit by Jesper Fast and loses puck.
18:22 of 2nd period - Jeff Skinner is hit by Mattias Tedenby and loses puck.
18:29 of 2nd period - Kevin Bieksa is hit by Alex Pietrangelo.
18:44 of 2nd period - Snap shot by Scott Hartnell.
18:44 of 2nd period - Stopped by Carey Price with a rebound.
18:46 of 2nd period - Slapshot by Mike Ribeiro.
18:46 of 2nd period - Stopped by Carey Price without a rebound.
18:47 of 2nd period - Jonathan Toews wins face-off versus Travis Zajac in Blues zone.
19:07 of 2nd period - Minor Penalty to Travis Zajac for Charging.
19:08 of 2nd period - Wojtek Wolski wins face-off versus Filip Forsberg in Blues zone.
19:50 of 2nd period - Snap shot by Jonathan Toews.
19:50 of 2nd period - Stopped by Carey Price without a rebound.
19:51 of 2nd period - Drew Shore wins face-off versus Mike Ribeiro in Blues zone.
Goals for this period are 0 for Bruins vs 0 for Blues.
Shots for this period are 8 for Bruins vs 4 for Blues.

3rd period


0:01 of 3rd period - Jonathan Toews wins face-off versus Filip Forsberg in neutral zone.
0:16 of 3rd period - Snap shot by Jonathan Toews.
0:16 of 3rd period - Shot Blocked by Filip Forsberg.
0:22 of 3rd period - Minor Penalty to Alex Pietrangelo for Roughing.
0:23 of 3rd period - Drew Shore wins face-off versus Jonathan Toews in Blues zone.
1:07 of 3rd period - Penalty to Travis Zajac is over, Travis Zajac is back on ice.
1:49 of 3rd period - Nathan Horton is hit by Patrick Kaleta and loses puck.
2:22 of 3rd period - Penalty to Alex Pietrangelo is over, Alex Pietrangelo is back on ice.
2:24 of 3rd period - Alex Pietrangelo is hit by Rene Bourque and loses puck.
3:56 of 3rd period - Minor Penalty to Johnny Boychuk for Hooking.
3:57 of 3rd period - Sam Gagner wins face-off versus Jonathan Toews in Bruins zone.
3:57 of 3rd period - Slapshot by Alex Pietrangelo.
3:57 of 3rd period - Shot Misses the Net.
3:59 of 3rd period - Backhand shot by Sam Gagner.
3:59 of 3rd period - Shot Blocked by Torey Krug.
4:01 of 3rd period - Slapshot by Jake Gardiner.
4:01 of 3rd period - Shot Blocked by Jonathan Toews.
4:03 of 3rd period - Wrist shot by Jake Gardiner.
4:03 of 3rd period - Stopped by Kevin Poulin without a rebound.
4:04 of 3rd period - Sam Gagner wins face-off versus Jonathan Toews in Bruins zone.
4:43 of 3rd period - Snap shot by David Perron.
4:43 of 3rd period - Shot Misses the Net.
4:45 of 3rd period - Slapshot by Jake Gardiner.
4:45 of 3rd period - Shot Blocked by Nathan Horton.
4:47 of 3rd period - Snap shot by David Perron.
4:47 of 3rd period - Shot Blocked by Nathan Horton.
4:49 of 3rd period - Backhand shot by Alex Pietrangelo.
4:49 of 3rd period - Goal by Alex Pietrangelo - Bruins : 0 - Blues : 3.
4:50 of 3rd period - Drew Shore wins face-off versus Jonathan Toews in neutral zone.
4:53 of 3rd period - Slapshot by Alex Pietrangelo.
4:53 of 3rd period - Stopped by Kevin Poulin with a rebound.
5:06 of 3rd period - Snap shot by Victor Oreskovich.
5:06 of 3rd period - Shot Blocked by Jesper Fast.
6:17 of 3rd period - Snap shot by Rene Bourque.
6:17 of 3rd period - Stopped by Carey Price without a rebound.
6:18 of 3rd period - Jonathan Toews wins face-off versus Drew Shore in Blues zone.
6:21 of 3rd period - Slapshot by Victor Oreskovich.
6:21 of 3rd period - Shot Blocked by Nick Leddy.
6:23 of 3rd period - Wrist shot by Wojtek Wolski.
6:23 of 3rd period - Stopped by Carey Price with a rebound.
6:25 of 3rd period - Slapshot by Kevin Bieksa.
6:25 of 3rd period - Goal by Kevin Bieksa - Bruins : 1 - Blues : 3.
6:26 of 3rd period - Nicklas Backstrom wins face-off versus Jonathan Toews in neutral zone.
6:28 of 3rd period - Off-side.
6:29 of 3rd period - Jonathan Toews wins face-off versus Nicklas Backstrom in neutral zone.
6:38 of 3rd period - Snap shot by Wojtek Wolski.
6:38 of 3rd period - Shot Misses the Net.
6:42 of 3rd period - Snap shot by Wojtek Wolski.
6:42 of 3rd period - Shot Blocked by David Perron.
6:58 of 3rd period - Snap shot by Nathan Horton.
6:58 of 3rd period - Deflect By Scott Hartnell.
6:58 of 3rd period - Stopped by Carey Price with a rebound.
7:00 of 3rd period - Slapshot by Mike Ribeiro.
7:00 of 3rd period - Shot Misses the Net.
7:02 of 3rd period - Slapshot by Torey Krug.
7:02 of 3rd period - Stopped by Carey Price with a rebound.
8:29 of 3rd period - Minor Penalty to Filip Forsberg for Tripping.
8:30 of 3rd period - Travis Zajac wins face-off versus Jonathan Toews in Blues zone.
10:12 of 3rd period - Jordan Eberle is hit by Jonathan Toews.
10:29 of 3rd period - Penalty to Filip Forsberg is over, Filip Forsberg is back on ice.
10:38 of 3rd period - Slapshot by Nicklas Backstrom.
10:38 of 3rd period - Stopped by Kevin Poulin with a rebound.
10:40 of 3rd period - Wrist shot by Sam Gagner.
10:40 of 3rd period - Stopped by Kevin Poulin with a rebound.
11:43 of 3rd period - Jordan Eberle is hit by Scott Hartnell and loses puck.
12:09 of 3rd period - Slapshot by Alex Pietrangelo.
12:09 of 3rd period - Shot Misses the Net.
12:31 of 3rd period - Alex Pietrangelo is hit by Dave Bolland and loses puck.
12:42 of 3rd period - Snap shot by Sergei Shirokov.
12:42 of 3rd period - Stopped by Kevin Poulin with a rebound.
13:24 of 3rd period - Snap shot by Kris Chucko.
13:24 of 3rd period - Stopped by Carey Price with a rebound.
13:45 of 3rd period - Shane O'Brien is hit by Travis Zajac and loses puck.
13:50 of 3rd period - Snap shot by Travis Zajac.
13:50 of 3rd period - Stopped by Kevin Poulin without a rebound.
13:51 of 3rd period - Travis Zajac wins face-off versus Jonathan Toews in Bruins zone.
14:04 of 3rd period - Wrist shot by Travis Zajac.
14:04 of 3rd period - Shot Blocked by Kevin Bieksa.
14:07 of 3rd period - Icing by Victor Oreskovich.
14:08 of 3rd period - Nicklas Backstrom wins face-off versus Jonathan Toews in Bruins zone.
14:21 of 3rd period - Slapshot by Nicklas Backstrom.
14:21 of 3rd period - Shot Misses the Net.
14:29 of 3rd period - Wrist shot by Jonathan Toews.
14:29 of 3rd period - Shot Misses the Net.
14:31 of 3rd period - Slapshot by Jonathan Toews.
14:31 of 3rd period - Stopped by Carey Price without a rebound.
14:32 of 3rd period - Travis Zajac wins face-off versus Mike Ribeiro in Blues zone.
14:32 of 3rd period - Travis Zajac is hit by Scott Hartnell.
15:04 of 3rd period - Slapshot by David Perron.
15:04 of 3rd period - Shot Blocked by Torey Krug.
15:19 of 3rd period - Jake Gardiner is hit by Brendan Smith and loses puck.
15:38 of 3rd period - Minor Penalty to Shane O'Brien for Slashing.
15:39 of 3rd period - Jonathan Toews wins face-off versus Nicklas Backstrom in Bruins zone.
15:48 of 3rd period - Jonathan Toews is hit by Jake Gardiner and loses puck.
17:07 of 3rd period - Torey Krug is hit by Cody Ceci.
17:29 of 3rd period - Alex Pietrangelo is hit by Scott Hartnell and loses puck.
17:38 of 3rd period - Penalty to Shane O'Brien is over, Shane O'Brien is back on ice.
17:38 of 3rd period - Wrist shot by Scott Hartnell.
17:38 of 3rd period - Shot Misses the Net.
17:40 of 3rd period - Wrist shot by Nathan Horton.
17:40 of 3rd period - Stopped by Carey Price with a rebound.
17:42 of 3rd period - Slapshot by Kevin Bieksa.
17:42 of 3rd period - Stopped by Carey Price with a rebound.
17:44 of 3rd period - Slapshot by Kevin Bieksa.
17:44 of 3rd period - Deflect By Jordan Eberle.
17:44 of 3rd period - Stopped by Carey Price without a rebound.
17:45 of 3rd period - Drew Shore wins face-off versus Dave Bolland in Blues zone.
17:45 of 3rd period - Drew Shore is hit by T.J Galiardi.
17:51 of 3rd period - Brendan Smith is hit by Linus Omark and loses puck.
18:00 of 3rd period - Yann Sauvé is hit by Shane O'Brien and loses puck.
18:11 of 3rd period - Torey Krug is hit by Sergei Shirokov and loses puck.
18:22 of 3rd period - Sam Gagner is hit by Victor Oreskovich and loses puck.
18:31 of 3rd period - Slapshot by Dougie Hamilton.
18:31 of 3rd period - Stopped by Kevin Poulin without a rebound.
18:32 of 3rd period - Nicklas Backstrom wins face-off versus Dave Bolland in Bruins zone.
18:36 of 3rd period - Minor Penalty to T.J Galiardi for Hooking.
18:37 of 3rd period - Nicklas Backstrom wins face-off versus Jonathan Toews in Bruins zone.
19:11 of 3rd period - Slapshot by Sam Gagner.
19:11 of 3rd period - Stopped by Kevin Poulin without a rebound.
19:12 of 3rd period - Nicklas Backstrom wins face-off versus Jonathan Toews in Bruins zone.
Goals for this period are 1 for Bruins vs 1 for Blues.
Shots for this period are 10 for Bruins vs 9 for Blues.